AoeStats
← OldGoldWhiteCardinal

Arabia

505351256Analyzed
1v1 RM · 22d ago on Sep 9, 2026· 44m 7s· 2 players
Game mode
Random Map
Map size
Tiny (2 player)
Population
200
Speed
Normal
Resources
Standard
Victory
Conquest
Starting age
Dark Age
Ending age
Imperial Age
RankedLock teamsTeams togetherTeam positionsShared explorationLock speedFull tech treeHidden civsTurbo modeCheats
Victory
Defeat
🇺🇸 Persians · United States
1294
+18
🇨🇦 Dravidians · Canada
1341
-18
OldGoldWhiteCardinal
5:51 Loom
8:38 Feudal Age
8:33 Man-at-Arms
18:51 Double-Bit Axe
19:58 Fletching
21:24 Horse Collar
24:45 Castle Age
23:10 Gold Mining
23:43 Padded Archer Armor
24:50 Elite Skirmisher
25:27 Bodkin Arrow
26:00 Thumb Ring
26:12 Leather Archer Armor
26:48 Wheelbarrow
31:36 Bow Saw
31:46 Scale Barding Armor
32:17 Forging
32:33 Bloodlines
32:23 Husbandry
33:13 Chain Barding Armor
33:27 Hand Cart
33:23 Heavy Plow
36:47 Iron Casting
40:29 Imperial Age
39:27 Town Watch
41:27 Ring Archer Armor
41:34 Plate Barding Armor
41:59 Blast Furnace
42:38 Chemistry
41:58 Ballistics
41:34 Cavalier
43:22 Stone Mining
Paparoni
6:13 Loom
9:30 Feudal Age
11:13 Man-at-Arms
15:43 Padded Archer Armor
20:42 Castle Age
19:24 Horse Collar
22:01 Leather Archer Armor
21:36 Fletching
25:53 Thumb Ring
26:20 Bodkin Arrow
28:43 Wheelbarrow
29:52 Pikeman
30:32 Squires
30:18 Arson
32:00 Squires
31:20 Long Swordsman
31:46 Gambesons
34:16 Scale Mail Armor
37:17 Forging
37:22 Chain Mail Armor
39:07 Iron Casting
43:15 Imperial Age
Connection lost

Rejoining the realm…

Still unreachable

The connection could not be restored.

Session expired

The server has moved on; the page needs a fresh start.